[Event "ICC tourney 2556 (25 5)"]
[Site "Internet Chess Club"]
[Date "2021.05.08"]
[Round "4"]
[White "SUNG, JASON:K05-16250294"]
[Black "SOMARAM, AKANKSHA:K05-17045572"]
[Result "0-1"]
[ICCResult "White checkmated"]
[WhiteElo "802"]
[BlackElo "333"]
[Opening "King's pawn game"]
[ECO "C50"]
[NIC "IG.03"]
[Time "17:33:07"]
[PlyCount "66"]
[TimeControl "1500+5"]

1. e4 e5 2. Nf3 Nc6 3. Bc4 h6 4. Nc3 Nf6 5. d3 Bb4 6. a3 Bxc3+ 7. bxc3 d6
8. O-O O-O 9. Be3 Ne7 10. Rb1 Bg4 11. h3 Bxf3 12. Qxf3 c5 13. Rxb7 d5 14.
exd5 Nexd5 15. d4 e4 16. Qe2 Nxe3 17. fxe3 Qd6 18. dxc5 Qxc5 19. Ba2 Nd5
20. Bxd5 Qxd5 21. Rc7 Qe5 22. Rd7 Qxc3 23. Re7 Qxa3 24. Rxe4 Rae8 25. Rxe8
Rxe8 26. Rc1 Qxc1+ 27. Qe1 Qxe1+ 28. Kh2 Rxe3 29. h4 Qxh4+ 30. Kg1 Qe1+ 31.
Kh2 Qg3+ 32. Kg1 Re2 33. Kf1 Qxg2# { White checkmated } 0-1

[Event "ICC tourney 2556 (25 5)"]
[Site "Internet Chess Club"]
[Date "2021.05.08"]
[Round "4"]
[White "ZONGO, SAMIRA:K05-16439907"]
[Black "ZIZOLD, VICTORIA:K05-16744153"]
[Result "1-0"]
[ICCResult "Black checkmated"]
[WhiteElo "560"]
[BlackElo "205"]
[Opening "Four knights: Italian variation"]
[ECO "C55"]
[NIC "IG.01"]
[Time "17:32:35"]
[PlyCount "97"]
[TimeControl "1500+5"]

1. e4 e5 2. Nf3 Nc6 3. Bc4 Nf6 4. Nc3 d5 5. exd5 Na5 6. Qe2 Nxc4 7. Qxc4 b5
8. Qc6+ Bd7 9. Qb7 Rb8 10. Qxa7 Ra8 11. Qe3 Ng4 12. Qe4 Nf6 13. Qxe5+ Be7
14. d6 cxd6 15. Qe3 Ng4 16. Qe4 Nf6 17. Qf4 Nh5 18. Qe4 Nf6 19. Qh4 Ng8 20.
Qh5 Nf6 21. Qg5 Ng8 22. Qxg7 Bf6 23. Qg3 d5 24. Nxd5 Be7 25. Qg7 Bf6 26.
Nxf6+ Nxf6 27. Qxh8+ Ke7 28. Qg7 Nh5 29. Qe5+ Kf8 30. Qxh5 b4 31. d3 Qe7+
32. Be3 f5 33. Qh6+ Kf7 34. O-O Rg8 35. Ne5+ Ke8 36. Qh5+ Kf8 37. Bh6+ Rg7
38. Bxg7+ Kxg7 39. Rae1 f4 40. c3 f3 41. Nxf3 Qd8 42. Ne5 Bc8 43. Qf7+ Kh6
44. Qf3 bxc3 45. Nf7+ Kg7 46. Nxd8 cxb2 47. Re5 Ba6 48. Rg5+ Kh8 49. Qf8# {
Black checkmated } 1-0

[Event "ICC tourney 2556 (25 5)"]
[Site "Internet Chess Club"]
[Date "2021.05.08"]
[Round "4"]
[White "RAMANUJA, KESHAV:K05-30040275"]
[Black "WESTOVER, CHARLOTTE:K05-16380250"]
[Result "0-1"]
[ICCResult "White resigns"]
[WhiteElo "615"]
[BlackElo "1143"]
[Opening "Blackmar gambit"]
[ECO "B01"]
[NIC "VO.17"]
[Time "17:33:34"]
[PlyCount "82"]
[TimeControl "1500+5"]

1. e4 d5 2. d4 dxe4 3. Nc3 Nf6 4. Bf4 Nc6 5. Bc4 Qxd4 6. Qxd4 Nxd4 7. O-O-O
Nc6 8. Nb5 e5 9. Nxc7+ Ke7 10. Nxa8 exf4 11. Nc7 Bg4 12. Nd5+ Nxd5 13. Rxd5
Be6 14. Rc5 Kf6 15. Bxe6 Bxc5 16. Bb3 Bxf2 17. Ne2 f3 18. gxf3 exf3 19. Ng1
Be3+ 20. Kd1 f2 21. Ne2 Ne5 22. c3 Nf3 23. Kc2 g5 24. Kd3 Bb6 25. Ke4 Nd2+
26. Kd3 f1=Q 27. Rxf1+ Nxf1 28. Bd5 Nxh2 29. Bxb7 Nf1 30. c4 Ne3 31. Nc3 g4
32. b3 g3 33. Ke2 g2 34. Kf2 g1=Q+ 35. Kxg1 Nd1+ 36. Kf1 Nxc3 37. a4 h5 38.
Ke1 h4 39. Kd2 Na2 40. Kd3 h3 41. Bc6 Nb4+ { White resigns } 0-1

[Event "ICC tourney 2556 (25 5)"]
[Site "Internet Chess Club"]
[Date "2021.05.08"]
[Round "4"]
[White "CALLENS, JAEL:K05-17208461"]
[Black "WOO, ALEXANDER:K05-17096034"]
[Result "0-1"]
[ICCResult "White checkmated"]
[WhiteElo "1207"]
[BlackElo "850"]
[Opening "Scotch opening"]
[ECO "C44"]
[NIC "KP.10"]
[Time "17:32:10"]
[PlyCount "154"]
[TimeControl "1500+5"]

1. e4 e5 2. Nf3 Nc6 3. d4 d5 4. Nc3 exd4 5. Nxd4 dxe4 6. Be3 Nf6 7. Be2 Bc5
8. Nxc6 Qxd1+ 9. Rxd1 Bxe3 10. fxe3 bxc6 11. O-O O-O 12. Bc4 Bg4 13. Rd4
Rad8 14. Nxe4 Rxd4 15. Nxf6+ gxf6 16. exd4 Be6 17. Bb3 Bxb3 18. axb3 Kg7
19. h3 Rd8 20. c3 Re8 21. Ra1 Ra8 22. g4 Kg6 23. Kf2 h5 24. Kg3 hxg4 25.
Kxg4 f5+ 26. Kf4 f6 27. Rg1+ Kf7 28. Kxf5 Re8 29. h4 Re2 30. h5 Rh2 31. Kg4
Rxb2 32. Rh1 Rxb3 33. h6 Rb8 34. h7 Rh8 35. Kf5 a5 36. Ke4 Kg7 37. d5 cxd5+
38. Kxd5 Rxh7 39. Ra1 Rh5+ 40. Kc6 Kg6 41. Kxc7 Rc5+ 42. Kb6 Rxc3 43. Rxa5
Rb3+ 44. Kc5 Rg3 45. Ra1 Rg5+ 46. Kd4 Rg4+ 47. Ke3 Kg5 48. Rf1 Rg3+ 49. Rf3
Kg4 50. Rxg3+ Kxg3 51. Ke4 Kg4 52. Ke3 f5 53. Kf2 Kf4 54. Kf1 Kg3 55. Kg1
f4 56. Kf1 Kf3 57. Ke1 Kg2 58. Ke2 f3+ 59. Ke3 f2 60. Ke4 f1=Q 61. Ke5 Kg3
62. Ke4 Qf3+ 63. Ke5 Qf4+ 64. Kd5 Qe3 65. Kd6 Qe4 66. Kc5 Qd3 67. Kc6 Kf4
68. Kc5 Ke5 69. Kc6 Qd5+ 70. Kb6 Qc4 71. Kb7 Kd6 72. Kb6 Qc5+ 73. Kb7 Qc6+
74. Kb8 Kd7 75. Ka7 Qb5 76. Ka8 Kc7 77. Ka7 Qb7# { White checkmated } 0-1

[Event "ICC tourney 2556 (25 5)"]
[Site "Internet Chess Club"]
[Date "2021.05.08"]
[Round "4"]
[White "THERESA VIJAYRAM, VANEESHA:K05-16365598"]
[Black "UEZU, AUSTIN:K05-16532086"]
[Result "0-1"]
[ICCResult "White checkmated"]
[WhiteElo "856"]
[BlackElo "1196"]
[Opening "KGD: Falkbeer counter-gambit"]
[ECO "C31"]
[NIC "KG.04"]
[Time "17:32:45"]
[PlyCount "82"]
[TimeControl "1500+5"]

1. e4 e5 2. f4 d5 3. fxe5 dxe4 4. Qe2 Bf5 5. g4 Qh4+ 6. Qf2 Qxg4 7. Nc3 Be7
8. h3 Qh4 9. d4 exd3 10. Bxd3 Bxd3 11. cxd3 Qxf2+ 12. Kxf2 Nc6 13. Nf3 Bc5+
14. Ke1 O-O-O 15. Ng5 Nxe5 16. Nce4 Nxd3+ 17. Ke2 Nh6 18. Rd1 Nxc1+ 19.
Raxc1 Rxd1 20. Rxd1 Be7 21. a3 f5 22. Rd4 fxe4 23. Nxe4 Rd8 24. Rc4 Nf5 25.
Nc3 Nd4+ 26. Ke3 Bf6 27. Ne4 Re8 28. Kf4 Ne2+ 29. Kg4 b5 30. Rb4 a5 31.
Rxb5 Rxe4+ 32. Kf5 Nd4+ 33. Kxe4 Nxb5 34. Kd5 g5 35. b4 axb4 36. axb4 h5
37. Kc6 g4 38. Kxb5 g3 39. Ka6 g2 40. b5 g1=Q 41. b6 Qxb6# { White
checkmated } 0-1

[Event "ICC tourney 2556 (25 5)"]
[Site "Internet Chess Club"]
[Date "2021.05.08"]
[Round "4"]
[White "CHEN, YEWEI:K05-15857340"]
[Black "ZHUANG, KYLE:K05-16368295"]
[Result "0-1"]
[ICCResult "White checkmated"]
[WhiteElo "1051"]
[BlackElo "1637"]
[Opening "Sicilian: dragon, Levenfish variation"]
[ECO "B71"]
[NIC "SI.15"]
[Time "17:34:16"]
[PlyCount "80"]
[TimeControl "1500+5"]

1. e4 c5 2. Nf3 d6 3. d4 cxd4 4. Nxd4 Nf6 5. Nc3 g6 6. f4 Nc6 7. Nf3 Bg7 8.
Bb5 O-O 9. Be3 Bd7 10. Qd2 a6 11. Bxc6 Bxc6 12. e5 dxe5 13. fxe5 Ng4 14.
O-O Bxf3 15. Rxf3 Nxe5 16. Rf2 Nc4 17. Qxd8 Raxd8 18. Bc1 Bd4 19. Bh6 Rfe8
20. b3 Ne5 21. Bd2 Bxf2+ 22. Kxf2 Rxd2+ 23. Kg1 Rc8 24. Ne4 Rdxc2 25. a3
Rc1+ 26. Rxc1 Rxc1+ 27. Kf2 Rc2+ 28. Kg3 f5 29. Nf2 Rc3+ 30. Kf4 Nd3+ 31.
Nxd3 Rxd3 32. Ke5 Rxb3 33. Ke6 Rxa3 34. Kxe7 b5 35. Kd6 b4 36. Kc5 b3 37.
Kb4 b2 38. Kxa3 b1=Q 39. Ka4 Qb2 40. Ka5 Qb5# { White checkmated } 0-1

[Event "ICC tourney 2556 (25 5)"]
[Site "Internet Chess Club"]
[Date "2021.05.08"]
[Round "4"]
[White "REMPE, LENNIK:K05-15868931"]
[Black "LEE WANG, HUBERT:K05-17101448"]
[Result "1-0"]
[ICCResult "Black checkmated"]
[WhiteElo "1235"]
[BlackElo "860"]
[Opening "Three knights game"]
[ECO "C46"]
[NIC "KP.06"]
[Time "17:32:19"]
[PlyCount "73"]
[TimeControl "1500+5"]

1. e4 e5 2. Nf3 Nc6 3. Nc3 Bc5 4. Nxe5 Nxe5 5. d4 Bd6 6. dxe5 Bxe5 7. Bd2
Nf6 8. Be2 d6 9. O-O O-O 10. Bg5 Qd7 11. Nd5 Nxd5 12. exd5 Qf5 13. f4 Bxb2
14. Rb1 Bf6 15. Bd3 Qg4 16. Bxf6 gxf6 17. Rf3 Kh8 18. Bxh7 Kxh7 19. Rh3+
Kg6 20. Rg3 Qxg3 21. hxg3 Rh8 22. Qd3+ Bf5 23. Qc3 Rh7 24. Rxb7 Rhh8 25.
Rxc7 Rac8 26. Rxc8 Rxc8 27. Qf3 Rxc2 28. g4 Rc1+ 29. Kh2 Bc2 30. Qh3 f5 31.
g5 f6 32. Qh6+ Kf7 33. Qxf6+ Kg8 34. g6 Rh1+ 35. Kxh1 Be4 36. Qf7+ Kh8 37.
Qh7# { Black checkmated } 1-0

[Event "ICC tourney 2556 (25 5)"]
[Site "Internet Chess Club"]
[Date "2021.05.08"]
[Round "4"]
[White "ANDREW DOUGLAS MURPHY, JACK:K05-16368541"]
[Black "POTASHINSKY, ILAN:K05-17014227"]
[Result "1-0"]
[ICCResult "Black checkmated"]
[WhiteElo "754"]
[BlackElo "266"]
[Opening "Petrov's defense"]
[ECO "C42"]
[NIC "RG.01"]
[Time "17:33:49"]
[PlyCount "83"]
[TimeControl "1500+5"]

1. e4 e5 2. Nf3 Nf6 3. Qe2 b6 4. Nxe5 Ba6 5. Qd1 Bd6 6. d4 O-O 7. Bxa6 Nxa6
8. Nf3 Bb4+ 9. c3 Bd6 10. e5 Ne4 11. exd6 cxd6 12. O-O Re8 13. Qd3 Ng5 14.
Bxg5 Qc8 15. Nbd2 Nc7 16. Rfe1 Rf8 17. Re4 d5 18. Rh4 f6 19. Qxh7+ Kf7 20.
Bh6 Rg8 21. Rg4 Ne6 22. Qg6+ Ke7 23. Bxg7 Nxg7 24. Re1+ Kd6 25. Qxf6+ Kc7
26. Re7 Ne8 27. Qf4+ Nd6 28. Rxg8 Qxg8 29. g3 Rf8 30. Qe3 Nf5 31. Qe5+ Nd6
32. c4 Re8 33. Rxe8 Qxe8 34. Qxd5 Nf7 35. c5 bxc5 36. Qxc5+ Kb7 37. Qb5+
Kc8 38. Ne5 Nd6 39. Qc5+ Kd8 40. Qxd6 Qh8 41. Nc6+ Kc8 42. Qb8# { Black
checkmated } 1-0

[Event "ICC tourney 2556 (25 5)"]
[Site "Internet Chess Club"]
[Date "2021.05.08"]
[Round "4"]
[White "JIANG, ANDREW:K05-16091063"]
[Black "NATHA, NIRAV:K05-15969775"]
[Result "1-0"]
[ICCResult "Black checkmated"]
[WhiteElo "2021"]
[BlackElo "1463"]
[Opening "Pirc: 150 attack"]
[ECO "B07"]
[NIC "PU.07"]
[Time "17:32:22"]
[PlyCount "65"]
[TimeControl "1500+5"]

1. e4 d6 2. d4 Nf6 3. Nc3 g6 4. Be3 c6 5. Qd2 Nbd7 6. f3 b5 7. O-O-O b4 8.
Nce2 Qb6 9. c4 a5 10. e5 Nh5 11. g4 Ng7 12. f4 Bb7 13. Bg2 Ba6 14. b3 a4
15. Kb2 axb3 16. axb3 Bb7 17. Nf3 h5 18. gxh5 Nxh5 19. Ng5 Bh6 20. e6 fxe6
21. Nxe6 Ng7 22. c5 Qb5 23. Nc7+ Kd8 24. Nxb5 cxb5 25. Bxb7 Ra7 26. c6 Nb6
27. d5 Kc7 28. Bxb6+ Kxb6 29. Qd4+ Kc7 30. Qxa7 Ra8 31. Bxa8+ Kc8 32. Qd7+
Kb8 33. Qb7# { Black checkmated } 1-0

[Event "ICC tourney 2556 (25 5)"]
[Site "Internet Chess Club"]
[Date "2021.05.08"]
[Round "4"]
[White "WILLIAMS, DIMITRI:K03-17266018"]
[Black "T MARSHALLECK, DAVID:K05-16371805"]
[Result "0-1"]
[ICCResult "White checkmated"]
[WhiteElo "273"]
[BlackElo "913"]
[Opening "King's pawn game"]
[ECO "C20"]
[NIC "KP.10"]
[Time "17:34:04"]
[PlyCount "70"]
[TimeControl "1500+5"]

1. e4 e5 2. Bd3 Nf6 3. Nf3 Nc6 4. Nc3 Bc5 5. O-O O-O 6. Nd5 d6 7. Nxf6+
Qxf6 8. Bb5 Nd4 9. c3 Nxb5 10. d4 exd4 11. cxd4 Nxd4 12. Be3 Nxf3+ 13. gxf3
Qg6+ 14. Kh1 Bh3 15. Rg1 Qf6 16. Bxc5 dxc5 17. Rg3 Be6 18. f4 Qxf4 19. Rf3
Qxe4 20. Qd3 f5 21. Qe3 Bd5 22. Re1 Rae8 23. Kg1 Rf6 24. h4 Rg6+ 25. Kh2
Qxh4+ 26. Rh3 Qe4 27. Qc1 Rg2+ 28. Kh1 Rxf2+ 29. Rxe4 Bxe4+ 30. Kg1 Rg2+
31. Kh1 Rc2+ 32. Kg1 Rxc1+ 33. Kf2 Rc2+ 34. Ke1 Rd8 35. Kf1 Rd1# { White
checkmated } 0-1

[Event "ICC tourney 2556 (25 5)"]
[Site "Internet Chess Club"]
[Date "2021.05.08"]
[Round "4"]
[White "SUNG, LUCAS:K05-16250308"]
[Black "WEST, VIVIAN:K05-30142565"]
[Result "1-0"]
[ICCResult "Black checkmated"]
[WhiteElo "750"]
[BlackElo "101"]
[Opening "Giuoco Piano: four knights variation"]
[ECO "C55"]
[NIC "IG.01"]
[Time "17:32:57"]
[PlyCount "65"]
[TimeControl "1500+5"]

1. e4 e5 2. Nf3 Nc6 3. Bc4 Nf6 4. Nc3 Bc5 5. O-O Nd4 6. d3 h6 7. Be3 Bb4 8.
Bxd4 exd4 9. Nxd4 d6 10. e5 dxe5 11. Nf5 Bxf5 12. Bd5 Bg4 13. Qe1 Nxd5 14.
Nxd5 Bxe1 15. Rfxe1 Qxd5 16. Re3 Qb5 17. Rae1 Rd8 18. Rxe5+ Kf8 19. Rxb5 a6
20. Rbe5 b5 21. f3 Bd7 22. b4 f6 23. Rc5 Ra8 24. d4 a5 25. bxa5 Rxa5 26.
Rxc7 Rxa2 27. Rxd7 Rxc2 28. Ree7 Rc8 29. Rd5 b4 30. Rb5 Rc4 31. Ra7 g6 32.
Rb8+ Rc8 33. Rxc8# { Black checkmated } 1-0

[Event "ICC tourney 2556 (25 5)"]
[Site "Internet Chess Club"]
[Date "2021.05.08"]
[Round "4"]
[White "J WILLIAMS, CHRISTOPHER:K05-16250362"]
[Black "KONDABATHINI, NAMISH:K05-16992657"]
[Result "0-1"]
[ICCResult "White checkmated"]
[WhiteElo "1519"]
[BlackElo "1076"]
[Opening "Caro-Kann: Panov-Botvinnik attack, 5...e6"]
[ECO "B14"]
[NIC "CK.02"]
[Time "17:33:08"]
[PlyCount "88"]
[TimeControl "1500+5"]

1. e4 c6 2. d4 d5 3. exd5 cxd5 4. c4 e6 5. Nc3 Nf6 6. Nf3 Bb4 7. Qc2 O-O 8.
Be2 Nc6 9. O-O dxc4 10. Bd2 Nxd4 11. Nxd4 Qxd4 12. Be3 Qd8 13. Bxc4 b6 14.
Bd3 Bb7 15. Bg5 Bxc3 16. Bxh7+ Kh8 17. Rad1 Bd4 18. Bxf6 Qxf6 19. Be4 Bxe4
20. Qxe4 Bxb2 21. Rd3 Rfd8 22. Rh3+ Kg8 23. Qg4 Rd5 24. Qa4 Rad8 25. Rf3
Qe7 26. Qb3 Bd4 27. g3 e5 28. Re1 Qb7 29. Rf5 Bc5 30. Qf3 f6 31. Rh5 R5d7
32. Qf5 Qd5 33. Rh7 Bxf2+ 34. Kxf2 Qxa2+ 35. Re2 Rd2 36. Rxg7+ Kxg7 37.
Qg4+ Kf7 38. Qh5+ Kg7 39. Qg4+ Kf8 40. Qf5 Rxe2+ 41. Kf3 Rf2+ 42. Kg4 Qe2+
43. Kh4 Rxf5 44. h3 Qh5# { White checkmated } 0-1

[Event "ICC tourney 2556 (25 5)"]
[Site "Internet Chess Club"]
[Date "2021.05.08"]
[Round "4"]
[White "ZHANG, THOMAS:K05-15887601"]
[Black "GUDAVALLI, SAATVIK:K05-16242267"]
[Result "0-1"]
[ICCResult "White resigns"]
[WhiteElo "668"]
[BlackElo "962"]
[Opening "Giuoco Pianissimo: Italian four knights variation"]
[ECO "C50"]
[NIC "IG.02"]
[Time "17:33:55"]
[PlyCount "55"]
[TimeControl "1500+5"]

1. e4 e5 2. Nf3 Nc6 3. Bc4 Bc5 4. Nc3 Nf6 5. d3 O-O 6. Bg5 Be7 7. Bxf6 Bxf6
8. O-O d6 9. Nb5 a6 10. Na3 Bg4 11. h3 Bh5 12. Bd5 Nd4 13. Nxd4 Bxd1 14.
Raxd1 exd4 15. Nc4 c6 16. Bxc6 bxc6 17. c3 d5 18. Na3 dxc3 19. bxc3 Bxc3
20. exd5 cxd5 21. d4 Re8 22. Kh1 Re7 23. Rd3 Re1 24. Kg1 Rxf1+ 25. Kxf1 Rc8
26. Nb1 Ba5 27. Na3 Qe7 28. Rd1 { White resigns } 0-1

[Event "ICC tourney 2556 (25 5)"]
[Site "Internet Chess Club"]
[Date "2021.05.08"]
[Round "4"]
[White "ULUGBEKOVICH KHASANOV, ALISHER:K05-17028741"]
[Black "ROBERT WICKS, COLIN:K05-16090713"]
[Result "0-1"]
[ICCResult "White checkmated"]
[WhiteElo "1227"]
[BlackElo "1624"]
[Opening "English opening"]
[ECO "A20"]
[NIC "EO.24"]
[Time "17:31:52"]
[PlyCount "72"]
[TimeControl "1500+5"]

1. c4 e5 2. g3 Bc5 3. Bg2 Nc6 4. Nf3 Nf6 5. O-O d6 6. Nc3 Be6 7. b3 a5 8.
a4 O-O 9. e3 Bd7 10. Ba3 Ba7 11. Ne2 Bg4 12. h3 Bh5 13. g4 Bg6 14. d4 exd4
15. Nexd4 Nxd4 16. Nxd4 Be4 17. Qd2 Bxg2 18. Kxg2 Re8 19. Rae1 Qd7 20. Nb5
Nxg4 21. hxg4 Qxg4+ 22. Kh1 Re5 23. f4 Rh5+ 24. Qh2 Rxh2+ 25. Kxh2 Qh4+ 26.
Kg2 Qg4+ 27. Kh2 Re8 28. Bb2 Rxe3 29. Rxe3 Bxe3 30. f5 Qe2+ 31. Kg3 Qxf1
32. Nxc7 Qf2+ 33. Kg4 h5+ 34. Kh3 h4 35. Kg4 Qg3+ 36. Kh5 Qg5# { White
checkmated } 0-1

[Event "ICC tourney 2556 (25 5)"]
[Site "Internet Chess Club"]
[Date "2021.05.08"]
[Round "4"]
[White "MUNRO HARTMAN, NADAV:K05-16966336"]
[Black "JIN, MICHAEL:K05-16010553"]
[Result "1-0"]
[ICCResult "Black checkmated"]
[WhiteElo "1046"]
[BlackElo "475"]
[Opening "Réti opening"]
[ECO "A04"]
[NIC "QP.11"]
[Time "17:33:11"]
[PlyCount "83"]
[TimeControl "1500+5"]

1. Nf3 e5 2. Nxe5 Nc6 3. Nf3 Nf6 4. d4 h6 5. Nc3 d5 6. Bf4 Bb4 7. a3 Ba5 8.
e3 Ne4 9. Qd3 Bf5 10. Nd2 Qf6 11. Ncxe4 Bxe4 12. Qb3 Nxd4 13. exd4 Qxf4 14.
Qb5+ c6 15. Qxa5 Bxc2 16. Qc3 Ba4 17. Bd3 O-O 18. O-O b6 19. b3 Bb5 20.
Bxb5 cxb5 21. Nf3 Rac8 22. Qb4 a6 23. a4 bxa4 24. Rxa4 a5 25. Qxb6 Rb8 26.
Qxa5 Rxb3 27. Qxd5 Rfb8 28. Ra8 Rb5 29. Qxb5 Rxa8 30. Qe5 Qg4 31. h3 Qg6
32. Qd5 Ra6 33. Ne5 Qg5 34. Qxf7+ Kh7 35. Nd7 h5 36. Nf8+ Kh6 37. Qg8 Qf6
38. Qh7+ Kg5 39. f4+ Kh4 40. g3+ Kxh3 41. Qxh5+ Kxg3 42. Rf3# { Black
checkmated } 1-0

[Event "ICC tourney 2556 (25 5)"]
[Site "Internet Chess Club"]
[Date "2021.05.08"]
[Round "4"]
[White "KASALA, RUTHVIK:K05-16909342"]
[Black "ROEDERER, JUDSON:K05-15626320"]
[Result "1-0"]
[ICCResult "Black checkmated"]
[WhiteElo "867"]
[BlackElo "1212"]
[Opening "Scandinavian (center counter) defense"]
[ECO "B01"]
[NIC "SD.01"]
[Time "17:32:26"]
[PlyCount "57"]
[TimeControl "1500+5"]

1. e4 d5 2. exd5 Qxd5 3. Nc3 Qa5 4. d4 Nf6 5. Nf3 c6 6. Ne5 Nd5 7. Nc4 Qc7
8. Nxd5 cxd5 9. Ne3 e6 10. Bd2 Nc6 11. Bb5 Bd7 12. O-O Be7 13. c3 O-O 14.
Bxc6 Bxc6 15. Re1 Qb6 16. b3 Rac8 17. Ng4 Rfe8 18. Ne5 h6 19. Qg4 Bf6 20.
Bxh6 Kf8 21. Bg5 Bxe5 22. dxe5 Bd7 23. Qh5 Kg8 24. Qg4 Rxc3 25. Bf6 g6 26.
Qh4 Rh3 27. Qxh3 Qxf2+ 28. Kxf2 Kf8 29. Qh8# { Black checkmated } 1-0

[Event "ICC tourney 2556 (25 5)"]
[Site "Internet Chess Club"]
[Date "2021.05.08"]
[Round "4"]
[White "MAJUMDAR, ABHI:K05-16196465"]
[Black "YIN, HAOXUAN:K05-16009384"]
[Result "0-1"]
[ICCResult "White resigns"]
[WhiteElo "1150"]
[BlackElo "790"]
[Opening "Queen's pawn"]
[ECO "A40"]
[NIC "QO.17"]
[Time "17:32:49"]
[PlyCount "70"]
[TimeControl "1500+5"]

1. d4 e6 2. Bf4 c5 3. e3 Qb6 4. Nc3 Nf6 5. Nb5 Nd5 6. Qf3 a6 7. Nc3 Qxb2 8.
Nxd5 Qxa1+ 9. Qd1 Qxd1+ 10. Kxd1 exd5 11. Nf3 d6 12. c4 Nd7 13. cxd5 Nf6
14. e4 Nxe4 15. Ke1 b5 16. Bd3 Nf6 17. Kd2 c4 18. Bc2 Nxd5 19. Re1+ Be6 20.
Be4 O-O-O 21. Bg3 h6 22. Rc1 Nf6 23. Bd3 Kb7 24. Bb1 b4 25. Bc2 c3+ 26. Kd3
Bxa2 27. Ra1 Bd5 28. Rb1 Be4+ 29. Ke3 Bxc2 30. Rxb4+ Ka7 31. Rc4 Nd5+ 32.
Ke2 Re8+ 33. Kf1 Bd3+ 34. Kg1 Bxc4 35. Bh4 c2 { White resigns } 0-1

[Event "ICC tourney 2556 (25 5)"]
[Site "Internet Chess Club"]
[Date "2021.05.08"]
[Round "4"]
[White "MUKTINUTALAPATI, NIKHIL:K05-16577451"]
[Black "KARPENKO, OSKAR:K05-16342416"]
[Result "0-1"]
[ICCResult "White checkmated"]
[WhiteElo "316"]
[BlackElo "811"]
[Opening "Caro-Kann defense"]
[ECO "B10"]
[NIC "CK.01"]
[Time "17:33:04"]
[PlyCount "104"]
[TimeControl "1500+5"]

1. e4 c6 2. Qh5 Nf6 3. Qf3 d5 4. d3 e5 5. d4 dxe4 6. Qb3 exd4 7. Bc4 Qc7 8.
Nh3 Bxh3 9. O-O Bd7 10. Bxf7+ Kd8 11. Bg5 Be7 12. c3 Ng4 13. g3 Bxg5 14.
Na3 Rf8 15. Rfe1 Nf6 16. Re2 Bh3 17. Rae1 Rxf7 18. Rxe4 Nxe4 19. Rxe4 Nd7
20. Qxf7 Ne5 21. Qxc7+ Kxc7 22. Rxe5 Bf6 23. Rh5 Bg4 24. Rc5 dxc3 25. Nb5+
Kb6 26. Rc4 Be2 27. Rb4 Bxb5 28. bxc3 Bxc3 29. Rb3 Bd4 30. h4 Rf8 31. Kg2
Rxf2+ 32. Kh3 Rxa2 33. g4 Bc5 34. h5 Ra3 35. Rxa3 Bxa3 36. g5 Bc1 37. g6
hxg6 38. hxg6 Bd3 39. Kh4 Bxg6 40. Kg4 a6 41. Kf3 a5 42. Ke2 a4 43. Kd1 Bg5
44. Ke1 Bf6 45. Kd1 a3 46. Kc1 a2 47. Kd2 a1=Q 48. Ke3 Qd4+ 49. Kf3 Bh5+
50. Kg3 Qg4+ 51. Kf2 Qf3+ 52. Ke1 Qe2# { White checkmated } 0-1

[Event "ICC tourney 2556 (25 5)"]
[Site "Internet Chess Club"]
[Date "2021.05.08"]
[Round "4"]
[White "VENKATRAMAN, PRANAV:K05-30038361"]
[Black "SINHA, RITIKA:K05-30103427"]
[Result "1-0"]
[ICCResult "Black checkmated"]
[WhiteElo "808"]
[BlackElo "100"]
[Opening "KP: Nimzovich defense"]
[ECO "B00"]
[NIC "VO.05"]
[Time "17:33:38"]
[PlyCount "75"]
[TimeControl "1500+5"]

1. e4 Nc6 2. Nf3 Nf6 3. e5 d5 4. exf6 e5 5. d3 gxf6 6. c4 dxc4 7. dxc4
Qxd1+ 8. Kxd1 Bg7 9. Nc3 Ke7 10. Nd5+ Kd6 11. Bd3 Kd7 12. Bf5+ Ke8 13.
Nxc7+ Kd8 14. Nxa8 Bxf5 15. Nh4 Kd7 16. Nxf5 Rxa8 17. Nxg7 Rg8 18. Nf5 Ke6
19. Ne3 Rxg2 20. Nxg2 Kd7 21. Re1 b5 22. cxb5 Nd8 23. Be3 f5 24. b6 axb6
25. Bxb6 e4 26. Rc1 f6 27. Bxd8 Kxd8 28. a4 f4 29. Nxf4 e3 30. Rxe3 Kd7 31.
Rd3+ Ke7 32. a5 f5 33. a6 h6 34. a7 Ke8 35. a8=Q+ Ke7 36. Qa6 Kf7 37. Rc7+
Kf8 38. Qa8# { Black checkmated } 1-0

[Event "ICC tourney 2556 (25 5)"]
[Site "Internet Chess Club"]
[Date "2021.05.08"]
[Round "4"]
[White "ZHIHAO JIAO, ETHAN:K05-17273262"]
[Black "CHIU DOAN, EMILYN:K05-15928816"]
[Result "0-1"]
[ICCResult "White checkmated"]
[WhiteElo "581"]
[BlackElo "1078"]
[Opening "Queen's gambit declined"]
[ECO "D30"]
[NIC "QP.08"]
[Time "17:34:16"]
[PlyCount "78"]
[TimeControl "1500+5"]

1. d4 d5 2. c4 e6 3. c5 c6 4. Nf3 Nf6 5. Bg5 Be7 6. Nc3 b6 7. b4 h6 8. Bxf6
Bxf6 9. e3 bxc5 10. bxc5 O-O 11. Bd3 Be7 12. Ne5 f5 13. Rb1 Qc7 14. O-O Ba6
15. Bxa6 Nxa6 16. Qd3 Nxc5 17. dxc5 Qxe5 18. Rb7 Bxc5 19. Na4 Bd6 20. f4
Qe4 21. Qxe4 fxe4 22. Rd7 Rfd8 23. Rb7 Rab8 24. Rxa7 Ra8 25. Rxa8 Rxa8 26.
Nb6 Rxa2 27. Rc1 c5 28. Nc8 Bf8 29. Nb6 d4 30. exd4 cxd4 31. Rc4 e3 32. Nd7
e2 33. Kf2 d3 34. Ke1 Ra1+ 35. Kd2 e1=Q+ 36. Kxd3 Rd1+ 37. Kc2 Qd2+ 38. Kb3
Rb1+ 39. Ka4 Qa2# { White checkmated } 0-1

[Event "ICC tourney 2556 (25 5)"]
[Site "Internet Chess Club"]
[Date "2021.05.08"]
[Round "4"]
[White "GORDON, SAMMY:K05-16134625"]
[Black "CHAN OSBORN, ISAAC:K05-17282877"]
[Result "1-0"]
[ICCResult "Black checkmated"]
[WhiteElo "1397"]
[BlackElo "955"]
[Opening "QGD: Marshall defense"]
[ECO "D06"]
[NIC "QP.08"]
[Time "17:31:54"]
[PlyCount "43"]
[TimeControl "1500+5"]

1. d4 d5 2. c4 Nf6 3. cxd5 Nxd5 4. Nf3 Nc6 5. e4 Nf6 6. d5 Nb8 7. Nc3 e6 8.
Bd3 Bb4 9. O-O Bxc3 10. bxc3 O-O 11. Bg5 exd5 12. e5 h6 13. exf6 hxg5 14.
Nxg5 g6 15. Qf3 Nc6 16. Qf4 Re8 17. Bxg6 Ne5 18. Bh7+ Kf8 19. Bc2 c6 20.
Nh7+ Kg8 21. Qh6 Ng4 22. Qg7# { Black checkmated } 1-0

[Event "ICC tourney 2556 (25 5)"]
[Site "Internet Chess Club"]
[Date "2021.05.08"]
[Round "4"]
[White "LIU, KAYLAH:K05-17154374"]
[Black "SHELLEY, AKSHAT:K05-16824163"]
[Result "1-0"]
[ICCResult "Black resigns"]
[WhiteElo "431"]
[BlackElo "846"]
[Opening "Ruy Lopez: old Steinitz defense"]
[ECO "C62"]
[NIC "RL.02"]
[Time "17:34:16"]
[PlyCount "45"]
[TimeControl "1500+5"]

1. e4 e5 2. Nf3 Nc6 3. Bb5 d6 4. c3 Bd7 5. d4 Qe7 6. Nbd2 a6 7. Ba4 b5 8.
Bb3 Nf6 9. O-O g6 10. h3 Na5 11. Bc2 Bc6 12. Re1 Bh6 13. Nb3 Nc4 14. Bd3
Bxc1 15. Rxc1 Nxb2 16. Qd2 Nxd3 17. Qxd3 O-O 18. Qe3 Qe6 19. Qh6 Qc4 20.
Ng5 Qa4 21. Re3 Qxa2 22. Rf3 Qxb3 23. Rxf6 { Black resigns } 1-0